 Dungeon Crawl Stone Soup version 0.19.4-8-ga85b6b9 (webtiles) character file.

128 Naow the Caller (level 4, 0/24 HPs)
             Began as a Deep Elf Summoner on Feb 11, 2017.
             Was a Follower of Sif Muna.
             Shot with an arrow by a centaur (5 damage)
             ... on level 3 of the Dungeon.
             The game lasted 00:05:45 (3799 turns).

Naow the Caller (Deep Elf Summoner)                 Turns: 3799, Time: 00:05:46

Health: 0/24       AC:  2    Str:  5    XL:     4   Next: 87%
Magic:  9/12       EV: 13    Int: 21    God:    Sif Muna [*.....]
Gold:   108        SH:  0    Dex: 15    Spells: 3 memorised, 5 levels left

rFire  . . .     SeeInvis .     (no weapon)
rCold  . . .     Gourm    .     a - +0 robe
rNeg   . . .     Faith    .     (no shield)
rPois  .         Spirit   .     (no helmet)
rElec  .         Reflect  .     (no cloak)
rCorr  .         Harm     .     (no gloves)
MR     .....                    (no boots)
Stlth  ++........               (no amulet)
                                (no ring)
                                (no ring)

@: no status effects
A: no striking features
a: Divine Energy, Renounce Religion


You were on level 3 of the Dungeon.
You worshipped Sif Muna.
Sif Muna was aware of your devotion.
You were not hungry.

You visited 1 branch of the dungeon, and saw 3 of its levels.

You collected 108 gold pieces.

Inventory:

Armour
 a - a +0 robe (worn)
 r - a +0 buckler
Jewellery
 d - a +2 ring of strength {unknown}
Scrolls
 e - 7 scrolls of identify {unknown}
 f - 3 scrolls of amnesia {unknown}
 k - a scroll of random uselessness {unknown}
 l - 3 scrolls of teleportation {unknown}
 n - a scroll of immolation {unknown}
 q - a scroll of blinking {unknown}
Potions
 j - 2 potions of curing {unknown}
 o - a potion of haste {unknown}
Books
 b - a book of Callings

   Spells                             Type                      Level
   a - Summon Small Mammal            Summoning                    1
   b - Call Imp                       Summoning                    2
   c - Call Canine Familiar           Summoning                    3
   d - Summon Guardian Golem          Hexes/Summoning              3
   e - Summon Lightning Spire         Summoning/Air                4
   f - Summon Ice Beast               Ice/Summoning                4
Comestibles
 c - 3 bread rations
 g - a slice of pizza
 h - a beef jerky
 i - a meat ration
 m - a royal jelly
 p - 4 fruits
 s - 3 chunks of flesh


   Skills:
 - Level 2.4 Dodging
 - Level 2.4 Stealth
 + Level 0.4 Shields
 + Level 4.4 Spellcasting
 * Level 6.1 Summonings


You had 5 spell levels left.
You knew the following spells:

 Your Spells              Type           Power        Failure   Level  Hunger
a - Summon Small Mammal   Summ           ####         1%          1    None
b - Call Imp              Summ           ####....     1%          2    #......
c - Call Canine Familiar  Summ           ####....     2%          3    ##.....


Dungeon Overview and Level Annotations

Branches:
Dungeon (3/15)

Altars:
Qazlal
Sif Muna
Uskayaw


Message History

Attack!
The centaur shoots an arrow.
The arrow closely misses your hound. The arrow hits you. The arrow burns you.
Your hound completely misses the centaur.
Casting: Summon Small Mammal
Confirm with . or Enter, or press ? or * to list all spells.
Your hound disappears in a puff of smoke!
The centaur shoots an arrow.
The arrow misses you. What are your orders? t - Shout!
Orders for allies: a - Attack new target. p - Attack previous target. r - Retreat! s - Stop attacking. g - Guard the area. f - Follow me.
Anything else - Cancel.
Gang up on whom?
Press: ? - help, Dir - move target cursor, f/p - centaur
Aim: a centaur, wielding a shortbow of flaming Attack!
The centaur shoots an arrow.
The arrow hits you!
* * * LOW HITPOINT WARNING * * *
The arrow burns you.
You die...

###.#.# .## ####...## ..#
#.......# .## #.......# ##
#.......# # #####.......# #
...crh......# ## #
#.r.)....# .## #
.###@...(...# ..## ##..
#.##.###.#### ...## #...
#.##.###.##.##
....###...###.##.#..r....###
....'.......................
....###.......##.#.#.#...###
...## #..........#.#.....#
..## #.###.#.####.###.#.#
.## #.......# #.# .#.#


You could see a centaur, a friendly hound and 2 friendly quokkas.

Vanquished Creatures
  2 rats
2 creatures vanquished.

Vanquished Creatures (collateral kills)
  A scorpion (D:3)
  A hound (D:3)
  Natasha (twice) (D:2 D:3)
  2 adders (D:3)
  An ooze (D:2)
  A worm (D:2)
  A dart slug (D:2)
  2 leopard geckos
  3 orcs (D:3)
  5 giant cockroaches
  10 goblins
  9 hobgoblins
  3 jackals (D:3)
  A ball python (D:2)
  9 bats
  4 frilled lizards
  6 kobolds
  8 rats
69 creatures vanquished.

Grand Total: 71 creatures vanquished

Notes
Turn   | Place    | Note
-------+----------+-------------------------------------------
     0 | D:1      | Naow the Deep Elf Summoner began the quest for the Orb.
     0 | D:1      | Reached XP level 1. HP: 10/10 MP: 6/6
   453 | D:1      | Reached XP level 2. HP: 15/15 MP: 6/8
   525 | D:1      | Learned a level 2 spell: Call Imp
  1340 | D:2      | Reached skill level 5 in Summonings
  1624 | D:2      | Found a deep blue altar of Sif Muna.
  1625 | D:2      | Noticed Natasha
  1640 | D:2      | Killed Natasha
  1640 | D:2      | Reached XP level 3. HP: 19/19 MP: 1/10
  1648 | D:2      | Became a worshipper of Sif Muna the Loreminder
  2328 | D:2      | Found a hide-covered altar of Uskayaw.
  2941 | D:3      | Found a stormy altar of Qazlal.
  3373 | D:3      | Reached XP level 4. HP: 21/24 MP: 12/12
  3475 | D:3      | Learned a level 3 spell: Call Canine Familiar
  3492 | D:3      | Reached skill level 6 in Summonings
  3636 | D:3      | Noticed Natasha
  3643 | D:3      | Killed Natasha
  3720 | D:3      | Reached * piety under Sif Muna
  3794 | D:3      | Noticed a centaur
  3799 | D:3      | Shot with an arrow by a centaur

Skill      XL: |  1  2  3  4 |
---------------+-------------+-----
Summonings     | 5 6 |  6.1
Spellcasting   | 4 |  4.4
Dodging        | |  2.4
Stealth        | |  2.4
Shields        | |  0.4

Action                   |  1- 3 |  4- 6 || total
-------------------------+-------+-------++-------
Melee: Unarmed           |    44 |     2 ||    46
 Cast: Summon Small Mamm |   134 |    13 ||   147
       Call Imp          |     8 |     3 ||    11
       Call Canine Famil |       |     5 ||     5
 Stab: Sleeping          |     1 |       ||     1
  Eat: Chunk             |     8 |     1 ||     9
Armor: Robe              |    35 |     2 ||    37
Dodge: Dodged            |   121 |     6 ||   127
